Map: Berlingrad LE

Players

llllIIIlllII - Winner!

  • Race: Protoss Protoss
  • League: Diamond

CorsairThor

  • Race: Terran Terran
  • League: Master

VOD

Have the link to the VOD?

Description

Time

  • Played on: Oct. 20, 2021, 3:27 p.m.
  • Length: 9:51
Show
View Real Time Build Order
Export as new Build Order

llllIIIlllII Protoss - Winner!

Build Orders:  

Get SALT Encoding   

  12  0:00  Probe  
  13  0:14  Pylon  
  13  0:20  Assimilator  
  13  0:32  Probe  
  14  0:41  Gateway  
  14  0:46  Assimilator  
  14  1:04  Pylon  
  14  1:18  Pylon  
  14  1:40  Cybernetics Core  
  14  1:42  Gateway  
  14  1:45  Gateway  
  14  2:03  Gateway  
  14  2:08  Probe  
  15  2:17  Shield Battery  
  15  2:20  Pylon  
  16  2:32  Adept (Chrono Boost)  
  16  2:38  Adept (Chrono Boost)  
  18  2:48  Probe  
  19  3:00  Probe  
  18  3:44  Stalker  
  18  3:48  Assimilator  
  20  3:51  Pylon  
  20  3:52  Pylon  
  20  4:05  Pylon  
  20  4:09  Probe (Chrono Boost)  
  19  4:12  Shield Battery  
  19  4:21  Probe (Chrono Boost)  
  19  4:23  Stargate  
  21  4:38  Stargate  
  20  4:48  Shield Battery  
  20  5:03  Void Ray  
  24  5:16  Void Ray  
  28  5:40  Probe (Chrono Boost)  
  29  5:49  Probe (Chrono Boost)  
  30  5:53  Void Ray  
  34  6:11  Void Ray  
  38  6:44  Void Ray  
  36  6:53  Void Ray  
  40  7:17  Probe (Chrono Boost)  
  41  7:26  Probe (Chrono Boost)  
  42  7:35  Phoenix  
  44  7:53  Nexus  
  44  7:56  Phoenix  
  36  8:20  Void Ray  
  36  8:21  Void Ray  
  44  8:58  Void Ray  
Show
View Real Time Build Order
Export as new Build Order

CorsairThor Terran 

Build Orders: Reaper Expand 

Get SALT Encoding   

  12  0:00  SCV  
  13  0:13  SCV  
  14  0:17  Supply Depot  
  14  0:25  SCV  
  15  0:39  SCV  
  15  0:41  Barracks  
  16  0:44  Refinery  
  16  0:51  SCV  
  17  1:03  SCV  
  19  1:28  Reaper  
  20  1:35  Orbital Command  
  19  1:48  Command Center  
  19  2:00  Bunker  
  19  2:13  SCV  
  20  2:18  Marine  
  21  2:29  Bunker  
  21  2:35  Supply Depot  
  21  2:38  Marine  
  22  2:49  Bunker  
  22  3:02  SCV  
  22  3:11  Marine  
  21  3:28  SCV  
  21  3:29  Marine  
  22  3:39  Orbital Command  
  20  3:48  Marine  
  19  3:58  Factory  
  18  4:19  SCV  
  18  4:21  Refinery  
  18  4:24  SCV  
  20  4:30  Refinery  
  21  4:32  Bunker  
  21  4:39  Barracks Tech Lab  
  21  4:40  SCV  
  21  4:47  SCV  
  22  4:56  SCV  
  23  5:01  Widow Mine  
  25  5:09  Bunker  
  25  5:11  Marine  
  25  5:13  SCV  
  26  5:14  SCV  
  27  5:32  Cyclone  
  27  5:33  Mag-Field Accelerator  
  31  5:36  Barracks Reactor  
  31  5:38  SCV x2  
  31  5:40  Starport  
  32  5:50  SCV  
  32  5:51  SCV  
  32  5:54  Supply Depot  
  34  6:02  SCV  
  35  6:05  Cyclone  
  38  6:16  SCV x2  
  40  6:25  Supply Depot  
  40  6:34  Viking x2  
  40  6:37  SCV  
  44  6:46  Cyclone  
  44  6:50  SCV  
  41  7:03  SCV  
  41  7:04  Viking x2  
  41  7:06  Supply Depot  
  46  7:11  Orbital Command  
  47  7:15  SCV  
  47  7:24  Siege Tank  
  47  7:27  SCV  
  51  7:34  Viking  
  53  7:38  SCV  
  54  7:49  Viking  
  54  7:53  Barracks  
  54  7:55  SCV x2  
  56  8:04  Viking  
  50  8:16  SCV  
  50  8:19  Viking  
  47  8:21  SCV  
  36  8:34  Viking  
  36  8:41  SCV  
  31  8:48  SCV  
  31  8:53  SCV  
Tags
 
Add a new tag
Caveats
  • Supply blocks, unpowered buildings, or Contaminate may cause inaccurate times.
  • Supply counts are checked every 10 seconds.